 Dungeon Crawl Stone Soup version 0.32-a0-685-g93135e86f0 (webtiles) character file.

Game seed: 8337144541592810573

184 Shayle the Apothecary (level 5, 0/36 HPs)
             Began as a Coglin Alchemist on Mar 11, 2024.
             Slain by an iguana (8 damage)
             ... on level 4 of the Dungeon on Mar 12, 2024.
             The game lasted 00:14:01 (3300 turns).

Shayle the Apothecary (Coglin Alchemist)            Turns: 3300, Time: 00:14:02

Health: 0/36       AC:  3    Str:  9    XL:     5   Next: 63%
Magic:  4/8        EV: 12    Int: 16    God:
Gold:   145        SH:  0    Dex: 14    Spells: 5/9 levels left

rFire   . . .        h - +0 spear {Raúl}
rCold   . . .        c - +0 dagger {Marzena}
rNeg    . . .        a - +0 robe
rPois   .            (no helmet)
rElec   .            k - +0 cloak
rCorr   .            (no gloves)
SInv    .            (no boots)
Will    .....        (amulet unavailable)
Stlth   ++           (ring unavailable)
HPRegen 0.26/turn    (ring unavailable)
MPRegen 0.11/turn    (no gizmo)

%: no passive effects
@: revved
A: off-hand wielding, slow wielding, warmup strikes, no jewellery
a: Invent Gizmo


You were on level 4 of the Dungeon.
You visited 1 branch of the dungeon, and saw 4 of its levels.

You collected 145 gold pieces.

Inventory:

Hand Weapons
 c - a +0 dagger (offhand) {Marzena}
 h - a +0 spear (weapon) {Raúl}
Missiles
 g - a throwing net
Armour
 a - a +0 robe (worn)
 k - a +0 cloak (worn)
Talismans
 l - a talisman of death
Scrolls
 e - 3 scrolls of teleportation
 f - a scroll of enchant armour
 i - a scroll of amnesia
 m - a scroll of immolation
 n - 2 scrolls of poison
Potions
 b - 2 potions of magic
 d - a potion of enlightenment


   Skills:
 + Level 0.7 Fighting
 + Level 2.7 Dodging
 - Level 1.5 Stealth
 + Level 2.6 Spellcasting
 + Level 2.2 Conjurations
 + Level 1.4 Air Magic
 + Level 4.1 Alchemy


You had 5 spell levels left.
You knew the following spells:

 Your Spells              Type           Power      Damage    Failure   Level
a - Sting                 Conj/Alch      48%        1d6       5%          1
b - Mephitic Cloud        Conj/Alch/Air  10%        N/A       21%         3

Your spell library contained the following spells:

 Spells                   Type           Power      Damage    Failure   Level
 Magic Dart               Conj           36%        1d4       8%          1
 Mercury Vapours          Alch/Air       22%        N/A       10%         2
 Kiss of Death            Conj/Necr      20%        2d7       12%         1
 Blink                    Tloc           4%         N/A       30%         2
 Call Imp                 Summ           4%         N/A       30%         2
 Olgreb's Toxic Radiance  Alch           15%        N/A       34%         4
 Hailstorm                Conj/Ice       5%         3d5       36%         3
 Confusing Touch          Hex            2%         N/A       52%         3
 Summon Ice Beast         Ice/Summ       2%         N/A       52%         3
 Sticky Flame             Fire/Alch      8%         2d4       63%         4
 Dispel Undead            Necr           2%         3d7       89%         4
 Permafrost Eruption      Ice/Erth       1%         2x4d2     100%        6
 Sculpt Simulacrum        Ice/Alch       4%         N/A       100%        6


Dungeon Overview and Level Annotations

Branches:
Dungeon (4/15)
 Temple: D:4-7

Altars:

Shops:
D:4 (

Annotations:
D:2 1 runed translucent door, Crazy Yiuf


Innate Abilities, Weirdness & Mutations

You can wield a second weapon in your off-hand.
It takes a long time for you to wield or remove held weapons.
Your first few attacks do less damage.
You cannot equip rings or amulets.


Message History

You hear an angry hiss. x2
The iguana is engulfed in noxious fumes.
The iguana appears confused.
The iguana barely misses you.
Unknown command.
You hit the iguana with your +0 spear.
The iguana is moderately wounded.
You hit the iguana but do no damage.
The iguana is engulfed in noxious fumes.
The iguana appears confused.
The iguana bites you.
* * * LOW HITPOINT WARNING * * *
Unknown command.
You hit the iguana with your +0 dagger.
The iguana is heavily wounded.
You hit the iguana but do no damage.
The iguana is engulfed in noxious fumes.
The iguana appears confused.
The iguana bites you but does no damage.
Unknown command.
You hit the iguana but do no damage.
The iguana is heavily wounded.
You hit the iguana with your +0 spear.
The iguana is engulfed in noxious fumes.
The iguana appears confused.
The iguana barely misses the quokka.
Unknown command.
You barely miss the iguana with your +0 spear.
The iguana is heavily wounded.
You hit the iguana but do no damage.
The iguana is engulfed in noxious fumes.
The iguana appears confused.
An adder comes into view.
Reach: h) +0 spear {Raúl}
Press: ? - help, Dir - move target, f/p - iguana
Aim: an iguana (heavily wounded, confused, poisoned, about 18% to evade your +0 spear)
You reach to attack!
You hit the iguana with your +0 spear.
Unknown command.
You barely miss the iguana with your +0 spear.
The iguana is severely wounded.
You hit the iguana but do no damage.
The iguana looks more healthy.
The iguana bites you!
You die...

####.....#..#....##..##.
.#..........##........##.
................##.......
.........##........##...#
.........#..........##..#
#........#..........#...#
..###.#....#.....#.........#
..#.#.####.#..##.#.∩....#.†#
#......##.l@..#...†..#..####
........##§##.###..######
.........°r##>......#
..........##....(.#..#
..........###.....#...
......S.....#.##.......
.......†.r..............
............###.## #.####
...........##


You could see an iguana (confused), an adder and a quokka.

Vanquished Creatures
  An orc priest (D:3)
  Terence (D:2)
  4 gnolls
  2 adders (D:2)
  2 dart slugs
  4 orcs (D:3)
  6 bats
  5 endoplasms
  2 giant cockroaches
  9 goblins
  3 hobgoblins
  7 jackals (D:3)
  5 kobolds
  A quokka (D:1)
  3 ball pythons
  4 frilled lizards
  4 rats
63 creatures vanquished.

Notes
Turn   | Place    | Note
-------+----------+-------------------------------------------
     0 | D:1      | Shayle the Coglin Alchemist began the quest for the Orb.
     0 | D:1      | Reached XP level 1. HP: 13/13 MP: 3/3
    18 | D:1      | Reached skill level 1 in Conjurations
   155 | D:1      | Reached XP level 2. HP: 19/19 MP: 1/4
   755 | D:1      | Reached XP level 3. HP: 24/24 MP: 4/6
   759 | D:1      | Learned a level 3 spell: Mephitic Cloud
  1283 | D:2      | Upgraded the game from 0.32-a0-675-gdc239d62e1 to
                  | 0.32-a0-685-g93135e86f0
  1290 | D:2      | Noticed Terence
  1648 | D:3      | Reached XP level 4. HP: 3/30 MP: 5/7
  2036 | D:2      | Killed Terence
  2037 | D:2      | Reached skill level 1 in Air Magic
  2037 | D:2      | Reached skill level 4 in Alchemy
  2037 | D:2      | Reached XP level 5. HP: 33/35 MP: 0/8
  2307 | D:2      | Found a runed translucent door.
  2308 | D:2      | Noticed Crazy Yiuf
  3220 | D:4      | Found Rojist's Antique Weapon Shop.
  3300 | D:4      | Slain by an iguana

Illustrated notes

Levels and vault maps discovered:
D:1:      dpeg_arrival_morbid_curiosity, layout_basic, serial_curves,
          eino_curves_02, eino_curves_04, eino_curves_02, eino_curves_04
D:2:      layout_loops_ring, uniq_terence, uniq_crazy_yiuf_cottage
D:3:      layout_loops_ring, nrook_uturn, grunt_ministairs_15,
          serial_bayou_lake_a
D:4:      layout_cave_pools, nicolae_uskayaw_dance_hall,
          nemelex_xobeh_ov_fountains_minmay, serial_shops, shop,
          minmay_manual_mail

Skill      XL: |  1  2  3  4 |
---------------+-------------+-----
Conjurations   | 1 2 |  2.2
Dodging        | 2 |  2.7
Spellcasting   | 2 |  2.6
Air Magic      | 1 |  1.4
Alchemy        | 4 |  4.1
Fighting       | |  0.7
Stealth        | |  1.5

Action                     |  1- 3 |  4- 6 || total
---------------------------+-------+-------++-------
  Melee: Unarmed           |    27 |       ||    27
         Punch             |     1 |       ||     1
         Spear             |    16 |    96 ||   112
         Dagger            |    15 |    94 ||   109
   Cast: Sting             |    42 |    11 ||    53
         Mephitic Cloud    |       |     4 ||     4
    Use: Potion            |     2 |       ||     2
         Scroll            |       |     5 ||     5
   Stab: Sleeping          |     2 |     1 ||     3
         Confused          |       |     5 ||     5
 Armour: Robe              |    43 |    65 ||   108
  Dodge: Dodged            |    40 |    57 ||    97

Table legend: (Time is in decaauts)
 A = Elapsed time spent in this place.
 B = Non-inter-level travel time spent in this place.
 C = Inter-level travel time spent in this place.
 D = Time resting spent in this place.
 E = Time spent auto-exploring this place.
 F = Levels seen in this place.
 G = Mean time per level.
                   A        B        C        D        E       F      G
               +--------+--------+--------+--------+--------+-----+--------+
         Total |   3325 |   3196 |    129 |    528 |   1963 |   4 |  831.2 |
       Dungeon |   3325 |   3196 |    129 |    528 |   1963 |   4 |  831.2 |
               +--------+--------+--------+--------+--------+-----+--------+

Top non-repeatable levels by time:
     D:1: 1201 daAuts
     D:2: 994 daAuts
     D:3: 982 daAuts
     D:4: 147 daAuts
